 Dungeon Crawl Stone Soup version 0.21-a0-95-g06f091e (webtiles) character file.

621 grindst0ne the Changer (level 7, -7/49 HPs)
             Began as a Merfolk Transmuter on July 4, 2017.
             Was an Initiate of Okawaru.
             Killed by divine providence
             ... invoked by an orc priest
              (14 damage)
             ... on level 4 of the Dungeon.
             The game lasted 00:09:19 (5918 turns).

grindst0ne the Changer (Merfolk Transmuter)         Turns: 5918, Time: 00:09:19

Health: -7/49      AC:  2    Str: 12    XL:     7   Next: 46%
Magic:  1/10       EV: 21    Int: 13    God:    Okawaru [......]
Gold:   234        SH:  0    Dex: 19    Spells: 4/10 levels left

rFire    . . .     SeeInvis .     - Unarmed
rCold    . . .     Gourm    .   (shield currently unavailable)
rNeg     . . .     Faith    .   (armour currently unavailable)
rPois    x         Spirit   .   (helmet currently unavailable)
rElec    .         Reflect  .   (cloak currently unavailable)
rCorr    .         Harm     .   (gloves currently unavailable)
MR       .....                  (boots currently unavailable)
Stlth    ++........             (no amulet)
HPRegen  0.16/turn              (no ring)
MPRegen  0.12/turn              (no ring)

@: spider-form (expiring)
A: (change form in water), (swift swim), (stealthy swim)
a: End Transformation, Renounce Religion


You were on level 4 of the Dungeon.
You worshipped Okawaru.
Okawaru was noncommittal.
You were hungry.
You were a venomous arachnid creature.
You visited 2 branches of the dungeon, and saw 5 of its levels.

You collected 234 gold pieces.

Inventory:

Missiles
 a - 16 arrows
Armour
 b - a +0 robe (melded)
 h - a +1 pair of boots (melded)
Wands
 t - a wand of iceblast (3/15)
Scrolls
 f - a scroll of amnesia
 k - 2 scrolls of blinking
 m - 2 scrolls of random uselessness
Potions
 i - 2 potions of brilliance
 q - a potion of lignification
 r - a potion of cancellation
Books
 c - a book of Changes

   Spells                             Type                      Level
   a - Beastly Appendage              Transmutation                1
   b - Sticks to Snakes               Transmutation                2
   c - Spider Form                    Transmutation/Poison         3
   d - Ice Form                       Ice/Transmutation            4
   e - Blade Hands                    Transmutation                5
Comestibles
 d - 3 bread rations
 j - 2 meat rations
 o - 2 royal jellies


   Skills:
 + Level 1.9 Fighting
 + Level 3.3 Dodging
 + Level 6.8 Unarmed Combat
 - Level 2.0 Spellcasting
 - Level 7.2 Transmutations


You had 4 spell levels left.
You knew the following spells:

 Your Spells              Type           Power        Failure   Level  Hunger
a - Beastly Appendage     Tmut           ###...       6%          1    ##.....
b - Spider Form           Tmut/Pois      ##........   36%         3    ####...
c - Sticks to Snakes      Tmut           ###.....     8%          2    ###....


Dungeon Overview and Level Annotations

Branches:
Dungeon (4/15)             Temple (1/1) D:4

Altars:
Ashenzari
Cheibriados
Dithmenos
Elyvilon
Fedhas
Gozag
Hepliaklqana
Kikubaaqudgha
Makhleb
Nemelex Xobeh
Okawaru
Qazlal
Sif Muna
Trog
Uskayaw
Vehumet
Wu Jian
Xom
Yredelemnul
Zin
The Shining One


Message History

The orc wizard hits you with a dagger.
Your adder bites the orc.
The orc misses your adder. The orc wizard barely misses you.
Something closely misses you.
You hit the orc wizard.
The orc wizard is poisoned.
The orc wizard is moderately wounded.
Your adder barely misses the orc.
The orc wizard gestures at you while chanting.
The magic dart hits you!
* * * LOW HITPOINT WARNING * * *
Something hits you.
* * * LOW HITPOINT WARNING * * *
The orc barely misses your adder. The orc barely misses you.
Okay, then.
As you read the scroll of fog, it crumbles to dust.
The scroll dissolves into smoke.
Something barely misses you. The orc wizard hits you with a dagger.
* * * LOW HITPOINT WARNING * * *
The orc priest invokes the aid of Beogh against you.
Beogh smites you!
You die...

##......#.# #.. #......#.#
#.# #......#.# #.#
#......#.# ########## #.#
##.#####.# #)..§....###
#.# #.## #.# #.o...o.....
#.#
#####..####.###oo#[o.....#
#.#
..............§{o#{#...#.#
####.#
.#####.####.##.#s#oo ....#
#..[..
.#.............#§#... ...#
#.....
.#.............#§#.... ..#
#.....
.#.............#.#.#... .#
#.....
.#.............#S#...... #
#.....
.#######.##.##.#o##.....#
#..... .# #####..#.##.#.#
#..... .# #...........#..
##.... .# #...........##.
#.....


You could see an orc priest, an orc wizard and an orc.

Vanquished Creatures
  2 phantoms (D:4)
  An ogre (D:4)
  A scorpion (D:4)
  An orc wizard (D:3)
  A hound (D:4)
  An orc priest (D:3)
  Jessica (D:2)
  5 adders
  6 gnolls
  2 worms
  3 dart slugs
  A leopard gecko (D:3)
  7 orcs
  3 giant cockroaches
  6 goblins
  6 hobgoblins
  5 jackals
  2 quokkas
  A ball python (D:1)
  12 bats
  3 frilled lizards
  10 kobolds
  3 rats
83 creatures vanquished.

Vanquished Creatures (collateral kills)
  An orc (D:3)
1 creature vanquished.

Grand Total: 84 creatures vanquished

Notes
Turn   | Place    | Note
-------+----------+-------------------------------------------
     0 | D:1      | grindst0ne the Merfolk Transmuter began the quest for the Orb.
     0 | D:1      | Reached XP level 1. HP: 15/15 MP: 3/3
    60 | D:1      | Reached skill level 3 in Transmutations
    94 | D:1      | Reached XP level 2. HP: 20/21 MP: 5/5
   813 | D:1      | Reached XP level 3. HP: 26/26 MP: 6/6
   921 | D:1      | Learned a level 3 spell: Spider Form
   924 | D:1      | Learned a level 2 spell: Sticks to Snakes
  1577 | D:2      | Found a white marble altar of Elyvilon.
  1777 | D:2      | Found a snail-covered altar of Cheibriados.
  1817 | D:2      | Noticed Jessica
  1826 | D:2      | Killed Jessica
  1826 | D:2      | Reached skill level 4 in Transmutations
  1826 | D:2      | Reached XP level 4. HP: 32/32 MP: 1/7
  2253 | D:2      | Found a bloodstained altar of Trog.
  2773 | D:3      | Reached skill level 5 in Unarmed Combat
  2773 | D:3      | Reached XP level 5. HP: 22/37 MP: 2/8
  2782 | D:3      | Reached skill level 5 in Transmutations
  3225 | D:3      | Found a faded altar of an unknown god.
  3886 | D:4      | Noticed a phantom
  3915 | D:3      | Reached XP level 6. HP: 29/43 MP: 6/9
  4033 | D:4      | Reached skill level 6 in Transmutations
  4057 | D:4      | Killed a phantom
  4646 | D:4      | HP: 2/43 [poisoned by a scorpion]
  4654 | D:4      | HP: 1/43 [poisoned by a scorpion]
  5071 | D:4      | Noticed a phantom
  5097 | D:4      | Killed a phantom
  5097 | D:4      | Reached skill level 7 in Transmutations
  5097 | D:4      | Reached XP level 7. HP: 30/48 MP: 5/10
  5137 | D:4      | Found a staircase to the Ecumenical Temple.
  5176 | Temple   | Entered the Ecumenical Temple
  5326 | Temple   | Became a worshipper of Warmaster Okawaru
  5370 | D:4      | Noticed a yak
  5918 | D:4      | Killed from afar by an orc priest

Vault maps used:
D:1:      erik_arrival_blinker_ship, minmay_large_rounded_square
D:2:      bloody_trog, nicolae_overflow_hidden_temple, first_bread, uniq_jessica
D:3:      chequers_ecumenical_altar_island, kennysheep_generic_room_3
D:4:      cheibrodos_pilgrimage, temple_pool_b, lightli_corner_chamber
Temple:   regret_index_temple_mists

Skill      XL: |  1  2  3  4  5  6  7 |
---------------+----------------------+-----
Transmutations | 3 4 5 7 |  7.2
Unarmed Combat | 4 5 6 |  6.8
Dodging        | 3 |  3.3
Fighting       | |  1.9
Spellcasting   | |  2.0

Action                   |  1- 3 |  4- 6 |  7- 9 || total
-------------------------+-------+-------+-------++-------
Melee: Unarmed           |    93 |   164 |    22 ||   279
       Headbutt          |     7 |       |       ||     7
       Punch             |       |       |     1 ||     1
 Cast: Beastly Appendage |    15 |       |       ||    15
       Spider Form       |     5 |    32 |     3 ||    40
       Sticks to Snakes  |     1 |     1 |     4 ||     6
  Use: Scroll            |       |     9 |     1 ||    10
       Potion            |       |     4 |       ||     4
 Stab: Invisible         |       |     1 |       ||     1
  Eat: Chunk             |     3 |     9 |       ||    12
       Royal jelly       |       |     1 |       ||     1
       Bread ration      |       |     1 |     1 ||     2
Armor: Robe              |    21 |     4 |     1 ||    26
       Skin              |     2 |    13 |       ||    15
Dodge: Dodged            |    77 |   142 |    25 ||   244
